 Dungeon Crawl Stone Soup version 0.29-a0-563-g64e4043184 (webtiles) character file.

Game seed: 9979916355532765085

592 DocClef the Covert (level 7, -6/60 HPs)
             Began as a Gnoll Delver on June 11, 2022.
             Mangled by a gnoll
             ... wielding a +0 flail of venom
             ... led by a gnoll shaman
              (9 damage)
             ... on level 5 of the Dungeon.
             The game lasted 00:04:54 (4288 turns).

DocClef the Covert (Gnoll Delver)                   Turns: 4288, Time: 00:04:54

Health: -6/60      AC:  3    Str: 11    XL:     7   Next: 39%
Magic:  10/10      EV: 15    Int:  9    God:
Gold:   287        SH:  0    Dex: 22    Spells: 10/10 levels left

rFire   . . .      SeeInvis .   y - +1 whip (vamp)
rCold   . . .      Faith    .   (no shield)
rNeg    . . .      Spirit   .   b - +0 leather armour
rPois   .          Reflect  .   (no helmet)
rElec   .          Harm     .   C - scarf {repulsion}
rCorr   .          Rampage  .   (no gloves)
Will    .....                   (no boots)
Stlth   ++........              (no amulet)
HPRegen 0.20/turn               l - +6 ring of dexterity
MPRegen 0.12/turn               (no ring)

@: lethally poisoned (-6 -> -23), lit by a corona, glowing, repel missiles
A: fangs 1, strong nose, distributed training
a: no special abilities


You were on level 5 of the Dungeon.
You visited 1 branch of the dungeon, and saw 5 of its levels.

You collected 287 gold pieces.

Inventory:

Hand Weapons
 a - a +0 short sword
 r - a +1 long sword of holy wrath
 t - a +1 hunting sling of freezing
 y - a +1 vampiric whip (weapon)
Armour
 b - a +0 leather armour (worn)
 C - a scarf of repulsion (worn)
Jewellery
 l - a +6 ring of dexterity (left hand)
 q - a +6 ring of intelligence
 v - an amulet of guardian spirit
Wands
 g - a wand of digging (3)
Scrolls
 c - a scroll of fog
 d - 3 scrolls of magic mapping
 e - 2 scrolls of fear
 h - a scroll of enchant weapon {unknown}
 i - 6 scrolls of identify {unknown}
 j - a scroll of poison {unknown}
 k - a scroll of teleportation {unknown}
 m - a scroll of amnesia {unknown}
 o - 2 scrolls of acquirement {unknown}
 x - 3 scrolls of blinking {unknown}
 A - a scroll of noise {unknown}
Potions
 f - a potion of haste
 n - 2 potions of curing {unknown}
 p - a potion of attraction {unknown}
 s - 2 potions of lignification {unknown}
 u - 2 potions of heal wounds {unknown}
 w - a potion of mutation {unknown}
 z - 3 potions of brilliance {unknown}
 B - a potion of ambrosia {unknown}


   Skills:
 + Level 7.0 Fighting
 + Level 5.2 Short Blades
 + Level 2.4 Long Blades
 + Level 2.4 Axes
 + Level 2.4 Maces & Flails
 + Level 2.4 Polearms
 + Level 2.4 Staves
 + Level 2.4 Slings
 + Level 2.4 Bows
 + Level 2.4 Crossbows
 + Level 2.4 Throwing
 + Level 2.4 Armour
 + Level 5.2 Dodging
 + Level 9.9 Stealth
 + Level 2.4 Shields
 + Level 2.4 Unarmed Combat
 + Level 2.4 Spellcasting
 + Level 2.0 Conjurations
 + Level 2.0 Hexes
 + Level 2.0 Summonings
 + Level 2.0 Necromancy
 + Level 2.0 Translocations
 + Level 2.0 Transmutations
 + Level 2.0 Fire Magic
 + Level 2.0 Ice Magic
 + Level 2.0 Air Magic
 + Level 2.0 Earth Magic
 + Level 2.0 Poison Magic
 + Level 2.7 Invocations
 + Level 2.4 Evocations


You had 10 spell levels left.
You didn't know any spells.
Your spell library contained the following spells:

 Spells                   Type           Power      Damage    Failure   Level
 Apportation              Tloc           8%         N/A       19%         1
 Slow                     Hex            16%        N/A       19%         1
 Summon Small Mammal      Summ           16%        N/A       19%         1
 Call Canine Familiar     Summ           4%         N/A       50%         3
 Confusing Touch          Hex            4%         N/A       50%         3
 Summon Guardian Golem    Hex/Summ       4%         N/A       50%         3
 Vampiric Draining        Necr           4%         2d6       50%         3
 Alistair's Intoxication  Tmut/Pois      2%         N/A       99%         5


Dungeon Overview and Level Annotations

Branches:
Dungeon (5/15)
 Temple: D:4-7

Altars:

Shops:
D:2 [((   D:4 ?(*

Annotations:
D:5 1 runed translucent door, DocClef's ghost, weakling GnDe


Innate Abilities, Weirdness & Mutations

You have very sharp teeth.
Your uncanny sense of smell can sniff out nearby items.
Your experience applies equally to all skills.


Message History

You are too injured to fight recklessly!
You hit the gnoll shaman.
You bite the gnoll shaman, but do no damage.
The gnoll shaman is severely wounded.
The gnoll shaman misses you.
You hit the gnoll shaman.
You feel better.
The gnoll shaman is severely wounded.
The gnoll shaman hits you but does no damage.
You hit the gnoll shaman.
The gnoll shaman is almost dead.
You hit the gnoll shaman but do no damage.
The gnoll shaman is almost dead.
The gnoll shaman prays to its god.
The gnoll shaman is healed somewhat.
The gnoll shaman attacks as you move away!
The gnoll shaman hits you with a +0 club.
You hit the gnoll shaman.
You feel better.
The gnoll shaman is almost dead.
The gnoll shaman barely misses you.
You hit the gnoll shaman but do no damage.
You bite the gnoll shaman, but do no damage.
The gnoll shaman is almost dead.
The gnoll shaman hits you with a +0 club!
You whack the gnoll shaman!
You feel better.
You kill the gnoll shaman!
The gnoll barely misses you.
You hit the gnoll.
The gnoll is lightly wounded.
The gnoll closely misses you.
The gnoll hits you from afar with a +0 halberd.
* * * LOW HITPOINT WARNING * * *
You hit the gnoll.
You feel better.
You bite the gnoll, but do no damage.
The gnoll is heavily wounded.
The gnoll hits you with a +0 flail of venom!
* * * LOW HITPOINT WARNING * * *
You are lethally poisoned!
The gnoll hits you from afar with a +0 halberd!
* * * LOW HITPOINT WARNING * * *
The gnoll hits you with a +0 flail of venom!
You die...

#.# #.##
#.#######.#####.## ∆ ∆
#>.^........#####
#..######.####♣8♣# #.#
#.#..#W!.# #.#
##.#.###+## #.#
##....##...#
#####.####.....##...#
#ggg@..............##
...hgg###.####.....#####
#.### #.#####...##
#........## ##########


You could see a hound and 5 gnolls.

Vanquished Creatures
  A black bear (D:5)
  An ogre (D:5)
  2 necrophages (D:4)
  A scorpion (D:5)
  2 orc priests
  A gnoll shaman (D:5)
  A hound (D:5)
  3 gnolls
  An adder (D:2)
  3 worms (D:2)
  4 dart slugs
  5 orcs
  6 endoplasms
  A giant cockroach (D:1)
  4 goblins
  7 hobgoblins
  8 kobolds
  2 quokkas (D:4)
  5 ball pythons
  2 bats
  5 frilled lizards
  8 rats
73 creatures vanquished.

Notes
Turn   | Place    | Note
-------+----------+-------------------------------------------
     0 | D:5      | Reached skill level 9 in Stealth
     0 | D:5      | DocClef the Gnoll Delver began the quest for the Orb.
     0 | D:5      | Reached XP level 1. HP: 23/23 MP: 1/1
    21 | D:5      | Noticed an ogre
    41 | D:4      | Noticed an orc priest
    52 | D:4      | Killed an orc priest
    53 | D:4      | Reached XP level 2. HP: 20/29 MP: 1/3
    53 | D:4      | Reached XP level 3. HP: 25/35 MP: 1/4
   227 | D:4      | Noticed a necrophage
   256 | D:4      | Killed a necrophage
   257 | D:4      | Reached skill level 1 in Long Blades
   257 | D:4      | Reached skill level 1 in Axes
   257 | D:4      | Reached skill level 1 in Maces & Flails
   257 | D:4      | Reached skill level 1 in Polearms
   257 | D:4      | Reached skill level 1 in Staves
   257 | D:4      | Reached skill level 1 in Slings
   257 | D:4      | Reached skill level 1 in Bows
   257 | D:4      | Reached skill level 1 in Crossbows
   257 | D:4      | Reached skill level 1 in Throwing
   257 | D:4      | Reached skill level 1 in Armour
   257 | D:4      | Reached skill level 1 in Shields
   257 | D:4      | Reached skill level 1 in Unarmed Combat
   257 | D:4      | Reached skill level 1 in Spellcasting
   257 | D:4      | Reached skill level 1 in Conjurations
   257 | D:4      | Reached skill level 1 in Hexes
   257 | D:4      | Reached skill level 1 in Summonings
   257 | D:4      | Reached skill level 1 in Necromancy
   257 | D:4      | Reached skill level 1 in Translocations
   257 | D:4      | Reached skill level 1 in Transmutations
   257 | D:4      | Reached skill level 1 in Fire Magic
   257 | D:4      | Reached skill level 1 in Ice Magic
   257 | D:4      | Reached skill level 1 in Air Magic
   257 | D:4      | Reached skill level 1 in Earth Magic
   257 | D:4      | Reached skill level 1 in Poison Magic
   257 | D:4      | Reached skill level 1 in Invocations
   257 | D:4      | Reached skill level 1 in Evocations
   257 | D:4      | Reached XP level 4. HP: 21/41 MP: 5/5
   577 | D:4      | Found Xoann's Gadget Gallery.
   591 | D:4      | Found Reuled's Antique Weapon Shop.
   718 | D:4      | Found Areni's Magic Scroll Emporium.
   759 | D:4      | Noticed a necrophage
   761 | D:4      | Killed a necrophage
   762 | D:4      | Reached XP level 5. HP: 47/47 MP: 5/7
  2425 | D:2      | Reached XP level 6. HP: 17/53 MP: 8/8
  2753 | D:2      | Found Gaed's Weapon Boutique.
  2975 | D:2      | Found Gagiylal's Antique Armour Shoppe.
  3236 | D:2      | Found Yguycvil's Weapon Shoppe.
  3402 | D:5      | Reached skill level 5 in Short Blades
  3402 | D:5      | Reached skill level 5 in Dodging
  3661 | D:5      | Noticed a black bear
  3665 | D:5      | Killed a black bear
  3666 | D:5      | Reached XP level 7. HP: 59/59 MP: 10/10
  4235 | D:5      | Found a runed translucent door.
  4235 | D:5      | Noticed DocClef's ghost (weakling GnDe)
  4288 | D:5      | HP: 3/60 [gnoll/+0 halberd[a gnoll shaman] (8)]
  4288 | D:5      | Mangled by a gnoll

Illustrated notes

Levels and vault maps discovered:
D:1:      dpeg_arrival_leaves_temple_mockup, layout_basic, minmay_pentomino_v2
D:2:      layout_basic, serial_shops, nicolae_shop_hallway_plus,
          nicolae_shop_bloodbath_and_beyond, nicolae_lakefront_shop,
          serial_curves, eino_curves_02, eino_curves_04, eino_curves_03,
          eino_curves_01
D:3:      layout_basic, minmay_misc_feat_roman, chequers_avenue,
          grunt_decor_resistance, kennysheep_generic_room_12
D:4:      layout_rooms, serial_shops, shop, nicolae_shop_crystal,
          hangedman_decor_diamond_cutter, nicolae_shop_gadgets
D:5:      layout_loops_ring, mainiacjoe_overflow_catwalk, gammafunk_ghost_grave,
          nicolae_elevator_lobby_plus

Skill      XL: |  1  2  3  4  5  6  7 |
---------------+----------------------+-----
Stealth        | |  9.9
Long Blades    | 1 2 |  2.4
Axes           | 1 2 |  2.4
Maces & Flails | 1 2 |  2.4
Polearms       | 1 2 |  2.4
Staves         | 1 2 |  2.4
Slings         | 1 2 |  2.4
Bows           | 1 2 |  2.4
Crossbows      | 1 2 |  2.4
Throwing       | 1 2 |  2.4
Armour         | 1 2 |  2.4
Shields        | 1 2 |  2.4
Unarmed Combat | 1 2 |  2.4
Spellcasting   | 1 2 |  2.4
Conjurations   | 1 2 |  2.0
Hexes          | 1 2 |  2.0
Summonings     | 1 2 |  2.0
Necromancy     | 1 2 |  2.0
Translocations | 1 2 |  2.0
Transmutations | 1 2 |  2.0
Fire Magic     | 1 2 |  2.0
Ice Magic      | 1 2 |  2.0
Air Magic      | 1 2 |  2.0
Earth Magic    | 1 2 |  2.0
Poison Magic   | 1 2 |  2.0
Invocations    | 1 2 |  2.7
Evocations     | 1 2 |  2.4
Short Blades   | 5 |  5.2
Dodging        | 5 |  5.2
Fighting       | 7 |  7.0

Action                   |  1- 3 |  4- 6 |  7- 9 || total
-------------------------+-------+-------+-------++-------
Melee: Short sword       |    49 |    28 |       ||    77
       Bite              |     6 |    18 |    16 ||    40
       Punch             |     1 |     2 |     3 ||     6
       Long sword        |       |    52 |       ||    52
       Whip              |       |    72 |    64 ||   136
 Stab: Sleeping          |       |    23 |     1 ||    24
       Distracted        |       |     1 |     1 ||     2
Armor: Leather armour    |    10 |    15 |     4 ||    29
Dodge: Dodged            |    27 |    89 |    32 ||   148

Table legend: (Time is in decaauts)
 A = Elapsed time spent in this place.
 B = Non-inter-level travel time spent in this place.
 C = Inter-level travel time spent in this place.
 D = Time resting spent in this place.
 E = Time spent auto-exploring this place.
 F = Levels seen in this place.
 G = Mean time per level.
                   A        B        C        D        E       F      G
               +--------+--------+--------+--------+--------+-----+--------+
         Total |   4293 |   4136 |    157 |     12 |   3381 |   5 |  858.6 |
       Dungeon |   4293 |   4136 |    157 |     12 |   3381 |   5 |  858.6 |
               +--------+--------+--------+--------+--------+-----+--------+

Top non-repeatable levels by time:
     D:2: 1109 daAuts
     D:4: 949 daAuts
     D:5: 926 daAuts
     D:3: 731 daAuts
     D:1: 576 daAuts
